 Dungeon Crawl Stone Soup version 0.32-a0-799-g95e1662365 (webtiles) character file.

Game seed: 14841732502645245592

236 hikkokomori the Chiller (level 6, -5/47 HPs)
             Began as a Coglin Ice Elementalist on Mar 21, 2024.
             Splashed by a jelly's acid (7 damage)
             ... in a sewer.
             The game lasted 00:06:59 (2817 turns).

hikkokomori the Chiller (Coglin Ice Elementalist)   Turns: 2817, Time: 00:06:59

Health: -5/47      AC: -5    Str:  9    XL:     6   Next: 6%
Magic:  10/10      EV: 11    Int: 19    God:
Gold:   180        SH:  0    Dex: 10    Spells: 4/11 levels left

rFire   . . .        e - +2 dagger (protect) {Dagmar}
rCold   + . .        d - +1 dagger (speed) {Shu}
rNeg    . . .        h - +2 robe of the Many Mice {rC+ Regen+ Int+3 Dex-4}
rPois   .            (no helmet)
rElec   .            (no cloak)
rCorr   .            (no gloves)
SInv    .            (no boots)
Will    .....        (amulet unavailable)
Stlth   ++           (ring unavailable)
HPRegen 1.07/turn    (ring unavailable)
MPRegen 0.12/turn    (no gizmo)

%: no passive effects
@: corroded, under a protective aura, revved
A: off-hand wielding, slow wielding, warmup strikes, no jewellery
a: Invent Gizmo


You were in a sewer.
You visited 1 branch of the dungeon, and saw 4 of its levels.
You also visited: Sewer.

You collected 180 gold pieces.

Inventory:

Hand Weapons
 c - a +0 short sword of venom {Bianca}
 d - a +1 dagger of speed (offhand) {Shu}
 e - a +2 dagger of protection (weapon) {Dagmar}
Armour
 a - a +0 robe
 h - the +2 robe of the Many Mice (worn) {rC+ Regen+ Int+3 Dex-4}
   (You acquired it on level 4 of the Dungeon)

   Int+3:     It affects your intelligence (+3).
   Dex-4:     It affects your dexterity (-4).
   rC+:       It protects you from cold.
   Regen+:    It increases your rate of health regeneration.
 k - a +0 leather armour
Scrolls
 g - a scroll of enchant armour {unknown}
 i - 2 scrolls of poison
Potions
 b - 2 potions of magic
 f - a potion of mutation {unknown}
 j - a potion of heal wounds {unknown}
 n - 2 potions of might


   Skills:
 + Level 3.0 Fighting
 - Level 1.7 Dodging
 - Level 2.0 Stealth
 + Level 3.1 Spellcasting
 + Level 4.6 Ice Magic


You had 4 spell levels left.
You knew the following spells:

 Your Spells              Type           Power      Damage    Failure   Level
a - Freeze                Ice            80%        1d9       2%          1
b - Frozen Ramparts       Ice            40%        1d7       7%          3
c - Ozocubu's Armour      Ice            20%        N/A       7%          3

Your spell library contained the following spells:

 Spells                   Type           Power      Damage    Failure   Level
 Summon Ice Beast         Ice/Summ       11%        N/A       17%         3


Dungeon Overview and Level Annotations

Branches:
Dungeon (4/15)              Sewer (1/1)
 Temple: D:4-7

Altars:
Trog
Yredelemnul


Innate Abilities, Weirdness & Mutations

You can wield a second weapon in your off-hand.
It takes a long time for you to wield or remove held weapons.
Your first few attacks do less damage.
You cannot equip rings or amulets.


Message History

You are too injured to fight recklessly!
You are too injured to fight recklessly!
You are too injured to fight recklessly!
You are too injured to fight recklessly!
You are too injured to fight recklessly!
You are too injured to fight recklessly!
You are too injured to fight recklessly!
You are too injured to fight recklessly!
You are too injured to fight recklessly!
The jelly attacks as it pursues you! The jelly hits you.
You are splashed with acid.
The jelly barely misses you.
You are too injured to fight recklessly!
You hit the jelly with your +1 dagger of speed.
Your graspers burn!
The jelly is almost dead.
You hit the jelly but do no damage.
Your graspers burn!
The rat bites you. The jelly hits you. The acid corrodes you!
You are splashed with acid!
* * * LOW HITPOINT WARNING * * *
Unknown command.
You aren't carrying any items that you can evoke.
Okay, then.
Unknown command.
Unknown command.
You hit the jelly but do no damage. The acid corrodes you!
Your graspers burn!
* * * LOW HITPOINT WARNING * * *
The jelly is almost dead.
You hit the jelly but do no damage.
Your graspers burn!
* * * LOW HITPOINT WARNING * * *
The rat splashes around in the water.
Unknown command.
Unknown command.
You hit the jelly but do no damage.
Your graspers burn!
* * * LOW HITPOINT WARNING * * *
The jelly is almost dead.
You hit the jelly but do no damage.
Your graspers burn!
* * * LOW HITPOINT WARNING * * *
The jelly hits you.
* * * LOW HITPOINT WARNING * * *
You are splashed with acid!
You die...

##~ #..~ ∩~ #
#!..# #.~~ ## #
#.~.~ #.~##!## .#
# #..~
#~.#~.!#~.~~ #
#.~##.~.~.##.~~.
# #.~.##~~~##..~#
# #Jr~~...#~.~# #
##@~~.~~.~.# #
###.~.~~~.## #
###†...~.## #
##~~~..~.~##
##..~###~..~#
#..†##.##.~.##
#~.##..~##~~~###
#~.†~...~#..†..##
##.~~.#..##~†....


You could see a jelly and a rat.

Vanquished Creatures
  A weeping skull (D:3)
  An iguana (D:4)
  2 river rats (Sewer)
  3 adders
  A ribbon worm (Sewer)
  A dart slug (D:1)
  5 orcs (D:3)
  12 endoplasms
  4 giant cockroaches
  9 goblins
  6 hobgoblins
  2 jackals (D:1)
  3 quokkas
  5 ball pythons
  6 bats
  10 frilled lizards
  4 kobolds
  8 rats
  A spectral orc (D:3)
84 creatures vanquished.

Notes
Turn   | Place    | Note
-------+----------+-------------------------------------------
     0 | D:1      | hikkokomori the Coglin Ice Elementalist began the quest for
                  | the Orb.
     0 | D:1      | Reached XP level 1. HP: 13/13 MP: 3/3
   164 | D:1      | Reached XP level 2. HP: 18/20 MP: 0/4
   505 | D:1      | Reached skill level 1 in Fighting
   618 | D:1      | Reached XP level 3. HP: 26/26 MP: 6/6
  1689 | D:3      | Reached skill level 4 in Ice Magic
  1720 | D:3      | Found a faded altar of an unknown god.
  1723 | D:3      | Reached XP level 4. HP: 33/33 MP: 7/7
  1829 | D:3      | Found a bloodstained altar of Trog.
  2058 | D:3      | Found a basalt altar of Yredelemnul.
  2058 | D:3      | Noticed a weeping skull
  2086 | D:3      | Killed a weeping skull
  2087 | D:3      | Reached XP level 5. HP: 25/39 MP: 7/9
  2424 | D:4      | Identified a scroll of acquirement
  2450 | D:4      | Acquired the +2 robe of the Many Mice {rC+ Regen+ Int+3
                  | Dex-4}
  2466 | D:4      | Learned a level 3 spell: Frozen Ramparts
  2470 | D:4      | Learned a level 3 spell: Ozocubu's Armour
  2643 | D:4      | Found a glowing drain.
  2647 | Sewer    | Entered a sewer
  2765 | Sewer    | Reached XP level 6. HP: 44/47 MP: 10/10
  2817 | Sewer    | HP: 2/47 [jelly (3)]
  2817 | Sewer    | Splashed by a jelly's acid

Illustrated notes

Levels and vault maps discovered:
D:1:      dpeg_arrival_shrine, layout_loops_ring, minivault_4, minivault_11,
          corexii_leaking_fountain
D:2:      layout_loops_cross, minivault_23, minmay_pentomino_o2
D:3:      layout_loops_ring, mainiacjoe_overflow_tiny_flanked,
          yredelemnul_forgotten_temple_becter,
          shapermc_ecumenical_altar_notcrosses, serial_undead, serial_undead_c,
          serial_undead_e, serial_undead_f, serial_undead_c, nrook_campfire
D:4:      layout_loops_corners, amethyst_overflow_temple_binary,
          mainiacjoe_sewer_entry_somewhere_in_here_1, chequers_mini_garden,
          roderic_serpentine_path, uniq_robin, uniq_sigmund
Sewer:    sewer_hellmonk_slimy_pipes

Skill      XL: |  1  2  3  4  5 |
---------------+----------------+-----
Spellcasting   | 2 3 |  3.1
Fighting       | 1 2 3 |  3.0
Stealth        | 2 |  2.0
Ice Magic      | 4 |  4.6
Dodging        | |  1.7

Action                     |  1- 3 |  4- 6 || total
---------------------------+-------+-------++-------
  Melee: Unarmed           |     4 |       ||     4
         Dagger            |    83 |   318 ||   401
         Short sword       |     4 |       ||     4
   Cast: Freeze            |    20 |       ||    20
    Use: Scroll            |       |     7 ||     7
   Stab: Sleeping          |     4 |     3 ||     7
 Armour: Robe              |    28 |    47 ||    75
         Leather armour    |     5 |    49 ||    54
  Dodge: Dodged            |    31 |    88 ||   119

Table legend: (Time is in decaauts)
 A = Elapsed time spent in this place.
 B = Non-inter-level travel time spent in this place.
 C = Inter-level travel time spent in this place.
 D = Time resting spent in this place.
 E = Time spent auto-exploring this place.
 F = Levels seen in this place.
 G = Mean time per level.
                   A        B        C        D        E       F      G
               +--------+--------+--------+--------+--------+-----+--------+
         Total |   2800 |   2661 |    139 |     49 |   1921 |   5 |  560.0 |
       Dungeon |   2627 |   2488 |    139 |     49 |   1866 |   4 |  656.8 |
         Sewer |    172 |    172 |      0 |      0 |     54 |   1 |  172.0 |
               +--------+--------+--------+--------+--------+-----+--------+

Top non-repeatable levels by time:
     D:1: 1011 daAuts
     D:3: 775 daAuts
     D:2: 640 daAuts
     D:4: 200 daAuts
   Sewer: 172 daAuts
